 Dungeon Crawl Stone Soup version 0.21.1-1-g345015f (webtiles) character file.

126 inc the Scratcher (level 4, 0/21 HPs)
             Began as a Felid Chaos Knight on Feb 23, 2018.
             Slain by a rat (2 damage)
             ... on level 2 of the Dungeon.
             The game lasted 00:04:12 (2194 turns).

inc the Scratcher (Felid Chaos Knight)              Turns: 2194, Time: 00:04:14

Health: 0/21       AC:  1    Str:  8    XL:     4   Next: 83%
Magic:  5/5        EV: 20    Int: 17    God:    Xom [*.....]
Gold:   103        SH:  0    Dex: 15    Spells: 3/3 levels left
                                        Lives:  0   Deaths: 1

rFire    . . .     SeeInvis +     - Unarmed
rCold    . . .     Gourm    .   (shield unavailable)
rNeg     . . .     Faith    .   (armour unavailable)
rPois    .         Spirit   .   (helmet unavailable)
rElec    .         Reflect  .   (cloak unavailable)
rCorr    .         Harm     .   (gloves unavailable)
MR       .....                  (boots unavailable)
Stlth    ++........             (no amulet)
HPRegen  0.07/turn              (no ring)
MPRegen  0.09/turn              d - +3 ring of intelligence

@: lethally poisoned (0 -> -8), berserk cooldown, slowed, slow
A: very small, no armour, no weapons or thrown items, stealth, claws 1, fangs 3,
horns 1, repulsion field 1, see invisible, carnivore, speed 1, sense
surroundings 1, shaggy fur 1, slow metabolism 1, sharp paws
a: Renounce Religion


You were on level 2 of the Dungeon.
You worshipped Xom.
You were a special plaything of Xom.
You were full.

You visited 1 branch of the dungeon, and saw 4 of its levels.

You collected 103 gold pieces.

Inventory:

Jewellery
 b - an uncursed ring of fire
 d - a +3 ring of intelligence (right paw)
Scrolls
 c - 5 scrolls of identify {unknown}
 e - 2 scrolls of fog {unknown}
 f - a scroll of enchant armour {unknown}
 g - 2 scrolls of fear {unknown}
Comestibles
 a - a ration


   Skills:
 - Level 3.0 Fighting
 + Level 3.3 Dodging
 + Level 6.0 Unarmed Combat


You had 3 spell levels left.
You didn't know any spells.

Dungeon Overview and Level Annotations

Branches:
Dungeon (4/15)
 Temple: D:4-7

Altars:


Innate Abilities, Weirdness & Mutations

You cannot wear armour.
You are incapable of wielding weapons or throwing items.
Your paws allow you to move quietly. (Stealth)
You have sharp claws.
You have razor-sharp teeth.
You have supernaturally acute eyesight. (SInv)
You are carnivorous and can eat meat at any time.
You cover ground quickly.
You are covered in fur. (AC +1)
You have a slow metabolism.
Your sharp claws are effective at attacking unaware monsters.
You have a pair of small horns on your head.
You are surrounded by a mild repulsion field. (EV +2)
You passively map a small area around you.


Message History

You feel sick.
You feel a strong urge to attack something.
* * * LOW HITPOINT WARNING * * *
You feel sick.
You are no longer berserk.
You are exhausted.
You feel yourself slow down.
* * * LOW HITPOINT WARNING * * *
You feel sick.
* * * LOW HITPOINT WARNING * * *
You feel sick.
There is a stone staircase leading up here.
* * * LOW HITPOINT WARNING * * *
You feel sick.
You climb upwards.
A rat comes into view.
* * * LOW HITPOINT WARNING * * *
You feel sick. The rat misses you. The rat bites you.
You die... "This toy is broken."

.,
##.....*
.+.....
##....
......
#..###
#..#
...#####
#########
........
....(.r@#
########
#########
. #. *
#.., ,
,,, ,
#*## # ,
, # ** *
, *


You could see a rat.

Vanquished Creatures
  A bullfrog (D:4)
  A worker ant (D:3)
  2 adders
  An ooze (D:3)
  A worm (D:2)
  A dart slug (D:3)
  3 leopard geckos
  6 orcs (D:3)
  2 ball pythons
  2 giant cockroaches
  4 goblins
  8 hobgoblins
  2 jackals (D:1)
  3 kobolds
  2 quokkas
  6 bats
  A frilled lizard (D:3)
  6 rats
52 creatures vanquished.

Notes
Turn   | Place    | Note
-------+----------+-------------------------------------------
     0 | D:1      | inc the Felid Chaos Knight began the quest for the Orb.
     0 | D:1      | Reached XP level 1. HP: 10/10 MP: 2/2
   332 | D:1      | XOM: harmless Summ miscast
   405 | D:1      | Reached XP level 2. HP: 14/14 MP: 3/3
   729 | D:1      | XOM: divination: detect items
   987 | D:1      | Reached skill level 4 in Unarmed Combat
  1150 | D:2      | XOM: butterfly on damage
  1151 | D:2      | Reached XP level 3. HP: 5/17 MP: 4/4
  1170 | D:2      | XOM: give mutation
  1170 | D:2      | Gained mutation: Your flesh is cold resistant. (rC+) [Xom's grace]
  1339 | D:2      | XOM is BORED!
  1339 | D:2      | XOM: mild Summ miscast
  1515 | D:2      | XOM: 3-stop teleportation journey
  1782 | D:2      | You fall through a shaft!
  1797 | D:3      | Lost mutation: Your flesh is cold resistant. (rC+) [potion of mutation]
  1797 | D:3      | Gained mutation: You are surrounded by a mild repulsion field. (EV +2) [potion of mutation]
  1797 | D:3      | Gained mutation: You have a pair of small horns on your head. [potion of mutation]
  1797 | D:3      | Gained mutation: You passively map a small area around you. [potion of mutation]
  1809 | D:3      | Reached skill level 5 in Unarmed Combat
  1809 | D:3      | Reached XP level 4. HP: 3/21 MP: 5/5
  1812 | D:3      | HP: 1/21 [orc (1)]
  1820 | D:3      | XOM: medium Summ miscast
  1821 | D:3      | Noticed a small abomination
  1821 | D:3      | Noticed a small abomination
  1827 | D:3      | Demolished by a small abomination
  1828 | D:3      | Reached XP level 3. HP: -15/17 MP: 4/4
  1837 | D:4      | XOM: 2-stop teleportation journey
  1839 | D:4      | Noticed a bullfrog
  1841 | D:4      | XOM: stat loss: -1 Str (7/8)
  1845 | D:4      | Killed a bullfrog
  1845 | D:4      | Reached XP level 4. HP: 10/21 MP: 5/5
  2176 | D:3      | Reached skill level 6 in Unarmed Combat
  2194 | D:2      | Slain by a rat

Skill      XL: |  1  2  3  4 |
---------------+-------------+-----
Unarmed Combat | 4 5 6 |  6.0
Fighting       | |  3.0
Dodging        | |  3.3

Action                   |  1- 3 |  4- 6 || total
-------------------------+-------+-------++-------
Melee: Unarmed           |    96 |    40 ||   136
       Bite              |     3 |     1 ||     4
       Punch             |     1 |     1 ||     2
       Headbutt          |     1 |     5 ||     6
  Use: Potion            |     3 |     1 ||     4
 Stab: Sleeping          |     7 |       ||     7
  Eat: Chunk             |     2 |     2 ||     4
Armor: Skin              |     3 |     2 ||     5
Dodge: Dodged            |    55 |    39 ||    94
